 Dungeon Crawl Stone Soup version 0.25.1-9-gc5326a611f (webtiles) character file.

Game seed: 3176176400865042364

792 promet the Covert (level 7, 0/60 HPs)
             Began as an Octopode Assassin on Dec 24, 2020.
             Was an Initiate of Dithmenos.
             Slain by an ice beast (14 damage)
             ... on level 4 of the Dungeon on Dec 26, 2020.
             The game lasted 00:40:19 (5002 turns).

promet the Covert (Octopode Assassin)               Turns: 5002, Time: 00:40:19

Health: 0/60       AC: 23    Str: 10    XL:     7   Next: 88%
Magic:  7/7        EV:  2    Int: 13    God:    Dithmenos [......]
Gold:   235        SH:  0    Dex: 16    Spells: 6/6 levels left

rFire    . . .     SeeInvis .   m - +1 short sword
rCold    . . .     Gourm    .   (no shield)
rNeg     + + +     Faith    .   (helmet currently unavailable)
rPois    +         Spirit   .   h - amulet of regeneration
rElec    .         Reflect  .   (no ring)
rCorr    .         Harm     .   (no ring)
MR       .....     NoTele   +   (no ring)
Stlth    +++++.....             (no ring)
HPRegen  0.60/turn              (no ring)
MPRegen  0.10/turn              (no ring)
                                (no ring)
                                (no ring)

@: tree-form
A: almost no armour, stealthy swim, (amphibious), 8 rings, (constrict 8), frail
1, MP-powered wands
a: Renounce Religion


You were on level 4 of the Dungeon.
You worshipped Dithmenos.
Dithmenos was noncommittal.
You were not hungry.
You were a tree.
You visited 2 branches of the dungeon, and saw 5 of its levels.

You collected 235 gold pieces.

Inventory:

Hand Weapons
 a - a +2 dagger
 b - a +0 trident
 l - a +3 hand axe
 m - a +1 short sword (weapon)
 p - a +1 flail of protection
 v - a +0 scythe
Missiles
 c - 2 curare-tipped darts
 e - 105 arrows
 j - 9 sling bullets
 k - 157 stones (quivered)
 s - 15 poisoned darts
 x - 21 bolts
Magical Staves
 i - an uncursed staff of summoning
Jewellery
 g - an uncursed ring of resist corrosion
 h - an amulet of regeneration (around neck)
Scrolls
 f - 2 scrolls of identify
 o - a scroll of teleportation
Potions
 q - a potion of flight
 r - a potion of stabbing
 t - a potion of brilliance {unknown}
 u - 2 potions of curing
Comestibles
 d - 7 rations
 n - a chunk of flesh


   Skills:
 + Level 2.8 Fighting
 + Level 3.5 Short Blades
 + Level 0.7 Polearms
 + Level 3.8 Throwing
 + Level 2.1 Dodging
 * Level 10.6 Stealth


You had 6 spell levels left.
You didn't know any spells.
Your spell library was empty.

Dungeon Overview and Level Annotations

Branches:
Dungeon (4/15)             Temple (1/1) D:4

Altars:
Dithmenos
Elyvilon
Fedhas
Hepliaklqana
Kikubaaqudgha
Makhleb
Nemelex Xobeh
Ru
Sif Muna
Trog
Vehumet
Wu Jian
Yredelemnul
Zin
The Shining One

Annotations:
D:3 2 transporters, Gadfly's ghost, amateur BaAE


Innate Abilities, Weirdness & Mutations

You cannot wear most types of armour.
You are very stealthy in the water. (Stealth+)
((You are amphibious.))
You can wear up to eight rings at the same time.
((You can use your tentacles to constrict eight enemies at once.))
((Your skin changes colour to match your surroundings (Stealth+).))
((Your rubbery body absorbs attacks. (AC +1, EV +1)))
((You have very sharp teeth.))
((Your flesh is heat resistant. (rF+)))
You are frail. (-10% HP)
You expend magic power (3 MP) to strengthen your wands.


Message History

The ice beast barely misses you.
You hit the ice beast.
The ice beast is heavily wounded.
The ice beast hits you but does no damage.
You barely miss the ice beast.
The ice beast is heavily wounded.
The ice beast hits you but does no damage.
You hit the ice beast.
The ice beast is severely wounded.
The ice beast hits you. The ice beast freezes you!
* * * LOW HITPOINT WARNING * * *
You hit the ice beast.
The ice beast is severely wounded.
The ice beast hits you but does no damage.
You hit the ice beast.
The ice beast is almost dead.
The ice beast hits you.
* * * LOW HITPOINT WARNING * * *
The ice beast freezes you!
You die...

#.....#......#.
#....####......
##....##.......
##.............
###.........##...
##...........###.#
##............,,,,,
#...........#.,,,,*
##♣....###.##,,,,,,
*#Y...#.....#,,,,*,,
#.....#......,,,,***
#...........,,,,,* *
#.......#..#*,,,,*
##......#.#.,,,,,*
#....#..,*,,**,**
##..###..,,***,*
*,** ****** ***


You could see an ice beast.

Vanquished Creatures
  A phantom (D:4)
  2 ogres
  A crimson imp (D:4)
  2 hounds
  3 orc priests
  Jessica (D:3)
  3 orc wizards
  4 worker ants (D:4)
  A mummy (D:4)
  2 adders
  6 worms
  3 dart slugs (D:1)
  3 leopard geckos
  9 orcs
  7 bats
  6 giant cockroaches
  9 goblins
  6 hobgoblins
  4 jackals
  2 quokkas
  A ball python (D:3)
  2 frilled lizards
  2 hobgoblin zombies (D:4)
  12 kobolds
  2 orc zombies (D:4)
  9 rats
  A plant (D:3)
104 creatures vanquished.

Notes
Turn   | Place    | Note
-------+----------+-------------------------------------------
     0 | D:1      | promet the Octopode Assassin began the quest for the Orb.
     0 | D:1      | Reached XP level 1. HP: 14/14 MP: 1/1
    33 | D:1      | Reached XP level 2. HP: 13/19 MP: 2/2
    69 | D:1      | Gained mutation: You expend magic power (3 MP) to
                  | strengthen your wands. [potion of mutation]
    69 | D:1      | Gained mutation: You have very sharp teeth. [potion of
                  | mutation]
    69 | D:1      | Gained mutation: You are frail. (-10% HP) [potion of
                  | mutation]
    69 | D:1      | Gained mutation: Your flesh is heat resistant. (rF+)
                  | [potion of mutation]
   150 | D:1      | Reached skill level 6 in Stealth
   443 | D:1      | Reached XP level 3. HP: 21/21 MP: 3/3
  1226 | D:2      | Found a burning altar of Makhleb.
  1235 | D:2      | Reached skill level 7 in Stealth
  1235 | D:2      | Reached XP level 4. HP: 12/26 MP: 4/4
  1849 | D:3      | Found a shadowy altar of Dithmenos.
  1849 | D:3      | Found a hazy altar of Hepliaklqana.
  1884 | D:2      | Reached skill level 8 in Stealth
  1884 | D:2      | Reached XP level 5. HP: 21/30 MP: 5/5
  1959 | D:3      | Found a sparkling altar of Nemelex Xobeh.
  2291 | D:3      | Found a transporter.
  2394 | D:3      | Noticed Jessica
  2401 | D:3      | Killed Jessica
  2674 | D:3      | Reached skill level 9 in Stealth
  2674 | D:3      | Reached XP level 6. HP: 27/35 MP: 6/6
  2869 | D:3      | Found a transporter.
  2869 | D:3      | Noticed Gadfly's ghost (amateur BaAE)
  3247 | D:3      | Noticed a shadow
  3293 | D:3      | Found a blossoming altar of Fedhas.
  3300 | D:3      | Found an ancient bone altar of Kikubaaqudgha.
  3920 | D:4      | Found a staircase to the Ecumenical Temple.
  3931 | Temple   | Entered the Ecumenical Temple
  4176 | D:3      | Became a worshipper of Dithmenos the Shadowed
  4256 | D:4      | Reached XP level 7. HP: 40/40 MP: 7/7
  4259 | D:4      | Reached skill level 10 in Stealth
  5002 | D:4      | Slain by an ice beast

Illustrated notes

Levels and vault maps discovered:
D:1:      saegor_arrival_simple_e, layout_loops_ring, grunt_decor_fettered,
          minmay_crystal_room, corner_web_ring,
          hangedman_abyss_or_decor_lesser_grid
D:2:      layout_basic, makhleb_blood_cavern_becter
D:3:      cheibrodos_pilgrimage, layout_basic,
          grunt_temple_overflow_growth_and_decay,
          riverfiend_overflow_shadow_ancestor,
          nemelex_xobeh_ov_fountains_minmay, cheibrodos_sewer_entry_bend,
          gammafunk_ghost_mausoleum, first_ration, uniq_jessica
D:4:      layout_cave_pools, minmay_temple_entry_slanted, minmay_mini_ossuary
Temple:   grunt_temple_mini_profane

Skill      XL: |  1  2  3  4  5  6  7 |
---------------+----------------------+-----
Stealth        | 6 7 8 9 10 | 10.6
Short Blades   | 3 |  3.5
Throwing       | 3 |  3.8
Dodging        | 2 |  2.1
Fighting       | |  2.8
Polearms       | |  0.7

Action                   |  1- 3 |  4- 6 |  7- 9 || total
-------------------------+-------+-------+-------++-------
Melee: Dagger            |    55 |   133 |       ||   188
       Constrict         |    14 |    26 |    11 ||    51
       Tentacles         |    15 |    29 |    13 ||    57
       Bite              |     3 |    18 |     4 ||    25
       Short sword       |       |     6 |    50 ||    56
       Scythe            |       |       |    14 ||    14
Throw: Dart              |       |    43 |     7 ||    50
       Stone             |       |     1 |    16 ||    17
  Use: Scroll            |     3 |     6 |     2 ||    11
       Potion            |     1 |     5 |     1 ||     7
 Stab: Sleeping          |    14 |    15 |     4 ||    33
       Distracted        |       |     1 |       ||     1
  Eat: Chunk             |     1 |     6 |     2 ||     9
       Ration            |       |     1 |       ||     1
Armor: Skin              |     2 |    13 |     8 ||    23
Dodge: Dodged            |    29 |    66 |    23 ||   118
